[Event "Late-Titled-Tuesday-Blitz-May-28-2024"]
[Site "Chess.com"]
[Date "2024.05.28"]
[Round "4"]
[White "StoreySniper"]
[Black "NMChessToImpress"]
[Result "1-0"]
[WhiteElo "2520"]
[BlackElo "2313"]
[TimeControl "180+1"]
[EndTime "14:38:15 PDT"]
[Termination "StoreySniper won by checkmate"]

1. c4 e6 2. g3 Nf6 3. Bg2 d5 4. Nf3 Be7 5. O-O O-O 6. d4 dxc4 7. Ne5 Nc6 8. Nxc6 bxc6 9. Bxc6 Rb8 10. Nc3 Bb7 11.
Bxb7 Rxb7 12. e3 c5 13. Qf3 Rd7 14. dxc5 Bxc5 15. Ne4 Be7 16. Rb1 Rd3 17. b3 c3 18.
Nxf6+ Bxf6 19. Ba3 Re8 20. Rbc1 Rd2 21. Bb4 Qd3 22.
Qc6 Rd8 23. Bxc3 Rxa2 24. Bxf6 gxf6 25. Rc3 Qe2 26. Qc4 f5 27. Rcc1 Rdd2 28. Qf4 Qg4 29. Qb8+ Kg7 30. Rc8 Qf3 31. Qe5+ Kh6 32. Qf6+ Kh5 33.
Qh4+ Kg6 34. Rg8# 1-0

[Event "Late-Titled-Tuesday-Blitz-May-28-2024"]
[Site "Chess.com"]
[Date "2024.05.28"]
[Round "4"]
[White "slidingknight2775"]
[Black "GMG"]
[Result "1-0"]
[WhiteElo "2621"]
[BlackElo "2807"]
[TimeControl "180+1"]
[EndTime "14:38:16 PDT"]
[Termination "slidingknight2775 won on time"]

1. d4 d5 2. Nf3 Nf6 3. c4 e6 4. g3 Bb4+ 5. Nc3 dxc4 6. Bg2 Nc6 7. O-O Rb8 8. Bg5 O-O 9. e3 b5 10. Ne4 Be7 11. Bxf6 gxf6 12. Rc1 Nb4 13. b3 f5 14.
Nc3 c5 15. bxc4 bxc4 16. Ne5 cxd4 17. exd4 Bf6 18. Nxc4 Qxd4 19. Qxd4 Bxd4 20. Rfd1 Bf6 21. a3 Na6 22. Nd6 Rd8 23. Ne2 Be7 24. Nxc8 Rxd1+ 25. Rxd1 Rxc8 26. Bb7 1-0

[Event "Late-Titled-Tuesday-Blitz-May-28-2024"]
[Site "Chess.com"]
[Date "2024.05.28"]
[Round "4"]
[White "Alphafischer2019"]
[Black "Supelyel"]
[Result "1-0"]
[WhiteElo "2666"]
[BlackElo "2472"]
[TimeControl "180+1"]
[EndTime "14:38:16 PDT"]
[Termination "Alphafischer2019 won by resignation"]

1. Nf3 Nf6 2. g3 d6 3. c4 Nbd7 4. Bg2 e5 5. d3 Be7 6. O-O O-O 7. Nc3 c6 8. Nd2 a5 9. a3 Re8 10. Rb1 Bf8 11. b4 axb4 12. axb4 Qc7 13. b5 Nc5 14.
bxc6 bxc6 15. Nb3 Bf5 16. Nxc5 dxc5 17. Bg5 Nd7 18. Qc2 h6 19. Be3 Nb6 20. Rb2 Nxc4 21. Ra2 Nxe3 22. fxe3 c4 23. Rxf5 cxd3 24. exd3 Qb6 25. h3 Qxe3+ 26. Kh2 Rac8 27. Ne4 Re6 28. Qf2 Qxf2 29. Raxf2 Rc7 30. g4 f6 31. Rc2 Rd7 32. Rc3 Bb4 33. Rb3 c5 34. Rf1 Kf7 35. Ra1 Rb6 36.
Ra8 g6 37. h4 f5 38. gxf5 gxf5 39. Ng3 Kf6 40. Rf8+ Ke6 41. Rxf5 Bd2 42. Rxb6+ 1-0

[Event "Late-Titled-Tuesday-Blitz-May-28-2024"]
[Site "Chess.com"]
[Date "2024.05.28"]
[Round "4"]
[White "Robert_Oros"]
[Black "GMBenjaminFinegold"]
[Result "0-1"]
[WhiteElo "2434"]
[BlackElo "2743"]
[TimeControl "180+1"]
[EndTime "14:38:19 PDT"]
[Termination "GMBenjaminFinegold won on time"]

1. e4 c5 2. a3 Nf6 3. e5 Nd5 4.
d4 cxd4 5. Qxd4 e6 6. c4 Nc6 7. Qe4 Nc7 8. Nc3 b6 9. Nf3 Bb7 10. Qf4 h6 11. h4 Be7 12. Ne4 O-O 13. Bd3 f5 14. Nd6 Bxd6 15. exd6 Ne8 16. Be3 Qf6 17. g4 fxg4 18. Qe4 Qf5 19. Nd2 Ne5 20. Qxb7 Nxd3+ 21. Ke2 Nxf2 22. Bxf2 Qxf2+ 23. Kd1 Nxd6 24. Qxd7 Rad8 25. Qxe6+ Kh8 26. Rf1 Qxf1+ 27. Nxf1 Rxf1+ 28. Ke2 Rxa1 29. Kf2 Rd1 30. b3 Rf8+ 31. Kg3 Rd3+ 32. Kxg4 Nf5 33.
Qe4 Rd4 0-1

[Event "Late-Titled-Tuesday-Blitz-May-28-2024"]
[Site "Chess.com"]
[Date "2024.05.28"]
[Round "4"]
[White "dolynachess"]
[Black "GMthekingindian"]
[Result "1-0"]
[WhiteElo "2521"]
[BlackElo "2334"]
[TimeControl "180+1"]
[EndTime "14:38:19 PDT"]
[Termination "dolynachess won on time"]

1. d4 d5 2. c4 e6 3. Nf3 Nf6 4. g3 Bb4+ 5. Nbd2 O-O 6. Bg2 dxc4 7. Qc2 c5 8. Qxc4 Nc6 9. dxc5 e5 10. a3 Be6 11. Qc2 Qa5 12. Ng5 Nd4 13. Qb1 Bb3 14. axb4 Qxa1 15. Qxa1 Nc2+ 16. Kd1 Nxa1+ 17. Nxb3 Nxb3 18.
Bxb7 Rab8 19. c6 Rfd8+ 20. Kc2 Nd4+ 21. Kb1 Nd5 22. e3 Nb5 23. Bd2 f5 24. Ne6 Rd6 25. Nc5 Ndc7 26. Bc3 1-0

[Event "Late-Titled-Tuesday-Blitz-May-28-2024"]
[Site "Chess.com"]
[Date "2024.05.28"]
[Round "4"]
[White "ATM622"]
[Black "Sanan_Sjugirov"]
[Result "0-1"]
[WhiteElo "2585"]
[BlackElo "2980"]
[TimeControl "180+1"]
[EndTime "14:38:20 PDT"]
[Termination "Sanan_Sjugirov won by resignation"]

1. d4 Nf6 2. c4 e6 3. g3 Bb4+ 4.
Nd2 d5 5. Qc2 O-O 6. Bg2 b6 7.
Nf3 Bb7 8. O-O Nbd7 9. Rd1 a5 10. a3 Be7 11. b3 c5 12. Bb2 Rc8 13. Rac1 dxc4 14.
Nxc4 b5 15. Nce5 cxd4 16. Qd2 Nxe5 17. Nxe5 Bxg2 18. Kxg2 Qd5+ 19. Nf3 e5 20. Qxa5 Qxb3 21. Rb1 Qd5 22. Kg1 Ra8 23. Qc7 Bd6 24. Qc2 Rfc8 25.
Qf5 Qe4 26. Qxe4 Nxe4 27. Ba1 f6 28. Rxb5 Bxa3 29. Rb7 Bf8 30. Kf1 Ra2 31. Ne1 Rca8 32. Bb2 Nc5 33. Rb5 Na4 34. Rb1 Nxb2 35. R5xb2 Rxb2 36. Rxb2 Ra1 37. f3 Bc5 38. Rb5 Ba7 39.
Rb7 h5 40. h4 Kh7 41. Rb5 Kg6 42. g4 hxg4 43. fxg4 e4 44. Rd5 Bb6 45. h5+ Kh6 46. Kf2 d3+ 47. Kf1 Ba5 0-1

[Event "Late-Titled-Tuesday-Blitz-May-28-2024"]
[Site "Chess.com"]
[Date "2024.05.28"]
[Round "4"]
[White "lamomiablanca"]
[Black "Veleamater"]
[Result "0-1"]
[WhiteElo "2634"]
[BlackElo "2461"]
[TimeControl "180+1"]
[EndTime "14:38:21 PDT"]
[Termination "Veleamater won on time"]

1. e4 d6 2. d4 g6 3. Nc3 Bg7 4. f4 Nf6 5. Nf3 O-O 6. Bd3 Nc6 7. e5 Nd7 8. Ne4 Nxd4 9. Nxd4 dxe5 10. fxe5 Nxe5 11. Nf3 Bg4 12. O-O c6 13. Kh1 Nxf3 14.
gxf3 Bh3 15. Re1 h6 16. Qe2 e5 17. Nf2 Be6 18. Bd2 f5 19. Bc3 Bd5 20. Bc4 Re8 21. Bxd5+ cxd5 22. Rad1 d4 23. Bd2 Qb6 24. Rg1 Rac8 25. c3 Kh7 26. cxd4 Rc2 27. Qd3 Qxb2 28. Qb3 Qxb3 29. axb3 exd4 30. Rge1 Rxe1+ 31. Bxe1 Re2 32. Nd3 g5 33. Bf2 Kg6 34. Kg2 Ra2 35. Kf1 Ra3 36.
b4 b6 37. b5 Rb3 38. Ke2 Rxb5 39. Rc1 Kh5 40. Rc7 Be5 41. h4 Bxc7 0-1

[Event "Late-Titled-Tuesday-Blitz-May-28-2024"]
[Site "Chess.com"]
[Date "2024.05.28"]
[Round "4"]
[White "Cuchulin"]
[Black "szachmistrz2500"]
[Result "0-1"]
[WhiteElo "2222"]
[BlackElo "2507"]
[TimeControl "180+1"]
[EndTime "14:38:21 PDT"]
[Termination "szachmistrz2500 won on time"]

1. d4 d5 2. Bf4 Nf6 3. e3 Bf5 4. Bd3 Bxd3 5. Qxd3 c6 6. Nf3 Qb6 7. b3 Nbd7 8. Nbd2 e6 9. h3 c5 10. c4 Be7 11. O-O O-O 12. Rfc1 Rac8 13. Ne5 cxd4 14. exd4 Rfd8 15. c5 Qa5 16. a3 Nxe5 17. Bxe5 Nd7 18. Bg3 Bf6 19. b4 Qa4 20. Nf3 h6 21. Rab1 Re8 22.
Re1 a6 23. b5 e5 24. dxe5 Nxc5 25. Qxd5 Be7 26. bxa6 bxa6 27. Rb4 Qxa3 28. Rf4 Ne6 29. Rg4 Red8 30. Qe4 Qd3 31. Qxd3 Rxd3 32. Ra4 a5 33. Rea1 Bb4 34. Ne1 Rd2 35. Nf3 Rb2 36. Nh4 g6 37.
Nf3 Rd8 38. Ne1 Nd4 39. Nd3 Ne2+ 40. Kf1 Nxg3+ 0-1

[Event "Late-Titled-Tuesday-Blitz-May-28-2024"]
[Site "Chess.com"]
[Date "2024.05.28"]
[Round "4"]
[White "GoValya"]
[Black "MusicCityMaster"]
[Result "1-0"]
[WhiteElo "2231"]
[BlackElo "2376"]
[TimeControl "180+1"]
[EndTime "14:38:24 PDT"]
[Termination "GoValya won by checkmate"]

1. Nf3 Nf6 2. g3 b5 3. d4 Bb7 4. Bg2 e6 5. a4 a6 6. O-O Be7 7. Nbd2 O-O 8. c4 b4 9. b3 a5 10. Bb2 d6 11. Rc1 Nbd7 12. Qc2 c5 13. e4 cxd4 14.
Nxd4 Qb6 15. Nb5 Rac8 16. Bd4 Nc5 17. Be3 Ng4 18. Bd4 Rfd8 19. h3 Ne5 20. f4 Ned7 21. Rcd1 Bf6 22. Bxf6 Nxf6 23. Kh2 d5 24. e5 Nfd7 25.
Nd6 Rc7 26. Nxf7 Kxf7 27. Qxh7 Nf8 28. Qh5+ Kg8 29. f5 dxc4 30. f6 g6 31. Qg5 Bxg2 32. Kxg2 Qc6+ 33. Kh2 Rh7 34. f7+ Rxf7 35. Qxd8 c3 36.
Rxf7 Kxf7 37. Rf1+ Kg7 38. Qxf8+ Kh7 39. Rf7# 1-0

[Event "Late-Titled-Tuesday-Blitz-May-28-2024"]
[Site "Chess.com"]
[Date "2024.05.28"]
[Round "4"]
[White "JacksterThePro"]
[Black "WoodlandMagic"]
[Result "0-1"]
[WhiteElo "2557"]
[BlackElo "2840"]
[TimeControl "180+1"]
[EndTime "14:38:25 PDT"]
[Termination "WoodlandMagic won on time"]

1. d4 Nf6 2. Bg5 Ne4 3. Bh4 d5 4. f3 Nd6 5. Nd2 g6 6. e4 Bh6 7. Bd3 O-O 8. Ne2 dxe4 9. fxe4 Qe8 10. e5 Nf5 11. Bxf5 Bxf5 12. O-O Nc6 13. Bf2 Nb4 14. Ng3 Bxc2 15. Qf3 Qc6 16. Nde4 Rad8 17. Nc5 Qxf3 18.
gxf3 b6 19. a3 Nd5 20. Nce4 f5 21. exf6 exf6 22. Rfe1 Nf4 23. Be3 f5 24. Nc3 Nh3+ 25.
Kg2 f4 26. Kxh3 fxe3 27. d5 Rxf3 28. Re2 Bd3 29. Ree1 Bg7 30. Kg2 Rf2+ 31. Kg1 Bd4 32. Nf1 e2 33. Ng3 Rdf8 34. Kh1 Bxc3 35. bxc3 h5 36. h4 R8f3 0-1

[Event "Late-Titled-Tuesday-Blitz-May-28-2024"]
[Site "Chess.com"]
[Date "2024.05.28"]
[Round "4"]
[White "dawid498"]
[Black "DanylaBagrov"]
[Result "1-0"]
[WhiteElo "2680"]
[BlackElo "2486"]
[TimeControl "180+1"]
[EndTime "14:38:25 PDT"]
[Termination "dawid498 won by resignation"]

1. e4 c5 2. Nc3 a6 3. g3 b5 4. Bg2 Bb7 5. d3 e6 6. f4 Nc6 7. Nf3 Nf6 8. O-O Be7 9. h3 d6 10. Ne2 O-O 11. g4 c4 12. Ng3 cxd3 13. cxd3 Qb6+ 14.
Kh2 Nd4 15. Be3 Nxf3+ 16. Qxf3 Qa5 17. g5 Nd7 18. d4 f5 19. Qe2 fxe4 20. Qg4 Bd5 21.
Bxe4 Nb6 22. Bxd5 exd5 23. Qe6+ Kh8 24. g6 Rae8 25. Qg4 Bd8 26. Rae1 Nc4 27. Bf2 Rxe1 28.
Rxe1 Qd2 29. Re2 Qc1 30. b3 Na5 31. Qf5 Rg8 32. gxh7 g6 33. hxg8=Q+ Kxg8 34. Qxg6+ 1-0

[Event "Late-Titled-Tuesday-Blitz-May-28-2024"]
[Site "Chess.com"]
[Date "2024.05.28"]
[Round "4"]
[White "ValeriyGrinev"]
[Black "artin10862"]
[Result "0-1"]
[WhiteElo "2592"]
[BlackElo "3016"]
[TimeControl "180+1"]
[EndTime "14:38:26 PDT"]
[Termination "artin10862 won by resignation"]

1. d4 d5 2. c4 e6 3. Nf3 c6 4. e3 Nf6 5. Nbd2 Nbd7 6. Bd3 c5 7. b3 b6 8. Bb2 Bb7 9. O-O cxd4 10.
exd4 Be7 11. Qe2 O-O 12. Rac1 Re8 13. Rfd1 Rc8 14. Ne5 Bf8 15. Ndf3 Ne4 16. Nxd7 Qxd7 17. Ne5 Qd8 18. f3 Nd6 19. c5 Nf5 20. b4 Qh4 21. g3 Qh6 22. Ng4 Qg5 23. f4 Qd8 24.
Ne5 f6 25. Nf3 bxc5 26. dxc5 d4 27. Bxf5 exf5 28. Qf2 Qd5 29. Rd3 Re3 30. Qxe3 dxe3 31. Rxd5 Bxd5 32. Nd4 Bxa2 33. Ra1 Bc4 34. Rxa7 e2 35.
Kf2 Re8 36. Bc3 Re4 37. c6 e1=Q+ 38. Bxe1 Rxd4 39. c7 Be6 40. Ra8 Rc4 41. b5 Rxc7 42. Bb4 Rc8 43. Ra6 0-1

[Event "Late-Titled-Tuesday-Blitz-May-28-2024"]
[Site "Chess.com"]
[Date "2024.05.28"]
[Round "4"]
[White "Konavets"]
[Black "Cayse"]
[Result "1-0"]
[WhiteElo "3089"]
[BlackElo "2850"]
[TimeControl "180+1"]
[EndTime "14:38:27 PDT"]
[Termination "Konavets won by resignation"]

1. e4 e5 2. Nf3 Nc6 3. Bc4 Nf6 4. d3 Bc5 5. O-O O-O 6. c3 d5 7. exd5 Nxd5 8. a4 a5 9. Re1 Bg4 10. Nbd2 Nb6 11. h3 Bh5 12. Bb3 Qxd3 13. Nxe5 Qf5 14. Nef3 Rae8 15. g4 Bxg4 16. hxg4 Qxg4+ 17. Kh1 Bxf2 18. Rxe8 Rxe8 19. Qf1 Qh5+ 20. Kg2 Be3 21. Nh2 Nd5 22. Bxd5 Qxd5+ 23. Ndf3 Bxc1 24. Rxc1 Qa2 25. Qb5 h6 26. Qxb7 Re2+ 27. Kh1 Qxb2 28. Qc8+ Kh7 29. Qf5+ Kg8 30. Rf1 Qc2 31. Qc8+ Kh7 32. Qh3 f6 33. Rg1 Re7 34. Ng4 Qe4 35. Qxh6+ gxh6 36. Nxf6+ 1-0

[Event "Late-Titled-Tuesday-Blitz-May-28-2024"]
[Site "Chess.com"]
[Date "2024.05.28"]
[Round "4"]
[White "shirovin"]
[Black "Abduzhaparov"]
[Result "0-1"]
[WhiteElo "2097"]
[BlackElo "2463"]
[TimeControl "180+1"]
[EndTime "14:38:28 PDT"]
[Termination "Abduzhaparov won on time"]

1. e4 d6 2. d4 Nf6 3. Nc3 e5 4.
Nf3 exd4 5. Nxd4 Be7 6. f3 O-O 7. Be3 Re8 8. Qd2 d5 9. e5 Nfd7 10. Nxd5 Bh4+ 11. g3 Nxe5 12. c4 c6 13. gxh4 cxd5 14.
O-O-O Nbc6 15. Nxc6 bxc6 16. Be2 Bf5 17. b3 Qe7 18.
Bd4 c5 19. Bb2 dxc4 20. Bxc4 Nxc4 21. bxc4 Qxh4 22. Rhg1 Qxc4+ 23. Bc3 g6 24. Kb2 Rab8+ 25. Ka1 Rbd8 26. Qb2 Rb8 27. Qd2 Be6 28. Rb1 Qd5 29. Qc2 Qc4 30. Rxb8 Rxb8 31. Qd2 Re8 32. Re1 h5 33. Re2 Kh7 0-1

[Event "Late-Titled-Tuesday-Blitz-May-28-2024"]
[Site "Chess.com"]
[Date "2024.05.28"]
[Round "4"]
[White "Naruna_Chan"]
[Black "Bala-Afiada"]
[Result "1-0"]
[WhiteElo "2253"]
[BlackElo "2015"]
[TimeControl "180+1"]
[EndTime "14:38:28 PDT"]
[Termination "Naruna_Chan won by resignation"]

1. e4 c5 2. c3 Nf6 3. e5 Nd5 4. Bc4 Nb6 5. Bb3 Nc6 6. Nf3 d6 7. exd6 Qxd6 8. d4 cxd4 9. cxd4 Bg4 10. Be3 e6 11. O-O Rd8 12. h3 Bh5 13. Nbd2 Be7 14. Qc2 O-O 15. Rad1 Nd5 16. Qe4 Nxe3 17. fxe3 Bg6 18. Qg4 Na5 19. Nc4 Nxc4 20. Bxc4 a6 21. Ne5 Bf5 22. Rxf5 exf5 23. Qxf5 Bf6 24. Ng4 b5 25.
Bb3 Rfe8 26. Rf1 Rc8 27. Kh1 a5 28. e4 Qxd4 29. e5 a4 30. Bxf7+ Kxf7 31. exf6 gxf6 32.
Nxf6 Re5 33. Qxc8 Qd3 34. Qd7+ Qxd7 35. Nxd7+ 1-0

[Event "Late-Titled-Tuesday-Blitz-May-28-2024"]
[Site "Chess.com"]
[Date "2024.05.28"]
[Round "4"]
[White "rhwr"]
[Black "Blitz"]
[Result "0-1"]
[WhiteElo "2336"]
[BlackElo "2521"]
[TimeControl "180+1"]
[EndTime "14:38:29 PDT"]
[Termination "Blitz won by resignation"]

1. e4 c6 2. d4 d5 3. e5 Bf5 4. h4 h5 5. Bg5 Qb6 6. Bd3 Bxd3 7. Qxd3 e6 8. Nd2 Nh6 9. Ngf3 Nf5 10. O-O Be7 11. Bxe7 Nxe7 12. c4 Nd7 13. Rfc1 O-O 14. Nf1 dxc4 15. Rxc4 Qxb2 16. Rb1 Qxa2 17. Rxb7 Rad8 18.
Ng3 Qa6 19. Ng5 g6 20. Rxd7 Rxd7 21. Nxh5 Rfd8 22. Nf6+ Kf8 23. Qf3 Nf5 24. Nxd7+ Rxd7 25. Rxc6 Qa1+ 26. Kh2 Qxd4 27. Rc8+ Kg7 28. g3 Qxe5 29. Qa8 Nxh4 30. Rg8+ Kf6 31. Nh7+ Kf5 32. Qf3+ Nxf3+ 33. Kg2 Qe4 34. Kh3 Qg4+ 35. Kg2 Nh4+ 36. Kh2 Rd2 0-1

[Event "Late-Titled-Tuesday-Blitz-May-28-2024"]
[Site "Chess.com"]
[Date "2024.05.28"]
[Round "4"]
[White "ploxoi"]
[Black "Denmark2015"]
[Result "1-0"]
[WhiteElo "2423"]
[BlackElo "2576"]
[TimeControl "180+1"]
[EndTime "14:38:30 PDT"]
[Termination "ploxoi won by resignation"]

1. d4 e6 2. c4 f5 3. g3 Nf6 4. Bg2 Be7 5. Nf3 d5 6. O-O Ne4 7. Nc3 c6 8. Bf4 Nd7 9. Qc2 O-O 10. Rad1 a5 11. h4 Qe8 12. Ne5 h6 13. Nxd7 Bxd7 14. Na4 Qd8 15. c5 g5 16. hxg5 hxg5 17. Be5 Nf6 18.
Nb6 Ra6 19. f3 Be8 20. e4 Nd7 21. Nxd7 Qxd7 22. exf5 exf5 23. f4 Bh5 24. Bf3 Bxf3 25. Rxf3 Raa8 26. Qh2 Bf6 27. Bxf6 Rxf6 28. fxg5 Rg6 29.
Qh5 Kg7 30. Qh4 Re8 31. Qf4 Rf8 32. Qe5+ Kg8 33. Qf4 Qg7 34. Rdf1 Rxg5 35. Qd6 f4 36. Qe6+ Kh8 37. Qh3+ Kg8 38. Kg2 Qxd4 39. Qe6+ Rf7 40. Rxf4 Rxg3+ 41. Kxg3 Qg7+ 1-0

[Event "Late-Titled-Tuesday-Blitz-May-28-2024"]
[Site "Chess.com"]
[Date "2024.05.28"]
[Round "4"]
[White "kalinchick"]
[Black "Mariia89"]
[Result "1-0"]
[WhiteElo "2369"]
[BlackElo "2198"]
[TimeControl "180+1"]
[EndTime "14:38:30 PDT"]
[Termination "kalinchick won on time"]

1. g3 c5 2. Bg2 Nc6 3. Nf3 g6 4. O-O Bg7 5. d3 Nf6 6. Nc3 O-O 7. e4 d5 8. exd5 Nxd5 9. Bd2 Rb8 10. Re1 e5 11. Nxd5 Qxd5 12. Nxe5 Qd8 13. Nxc6 bxc6 14. Bc3 Qc7 15. Bxg7 Kxg7 16. Qd2 Kg8 17. Qc3 Qb6 18. b3 Be6 19. Re5 c4 20. dxc4 c5 21. Qe3 Bf5 22. Qxc5 Bxc2 23. Qxb6 Rxb6 24. Rc1 Bf5 25. c5 Ra6 26.
Re2 Bd3 27. Rd2 Bf5 28. b4 Ra3 29. b5 Kg7 30. Rb2 h5 31. b6 axb6 32. cxb6 Rb8 33. h4 Ra4 34. Rc7 Be6 35. b7 Ra5 36. Rb6 Kh6 37.
Rxe6 fxe6 38. Rc8 Rxb7 39. Bxb7 Rxa2 40. Be4 Re2 41. Bc2 Kg7 42. Kf1 Rd2 43. Ke1 Rd6 44.
Ke2 Kf6 45. Rg8 Rc6 46. Rxg6+ Kf7 47. Bd3 Rd6 48. Rg5 1-0

[Event "Late-Titled-Tuesday-Blitz-May-28-2024"]
[Site "Chess.com"]
[Date "2024.05.28"]
[Round "4"]
[White "CheckBits"]
[Black "Nathan_Filgueiras"]
[Result "1-0"]
[WhiteElo "2398"]
[BlackElo "2548"]
[TimeControl "180+1"]
[EndTime "14:38:32 PDT"]
[Termination "CheckBits won by checkmate"]

1. e4 c5 2. c3 Nf6 3. e5 Nd5 4. Nf3 Nc6 5. Bc4 Nb6 6. Bb3 d5 7. exd6 c4 8. Bc2 Qxd6 9. O-O Bg4 10. Re1 O-O-O 11. h3 Bh5 12. a4 Qf6 13. a5 Bxf3 14.
Qxf3 Qxf3 15. gxf3 Nd5 16. a6 Nf4 17. axb7+ Kxb7 18. Na3 Nd3 19. Re4 Nxc1 20. Rxc1 Rxd2 21. Rxc4 Ne5 22.
Be4+ Kb8 23. Rb4+ Kc8 24. Nc4 Nxc4 25. Rxc4+ Kd8 26. Ra1 Rd7 27. Rca4 g6 28. Rxa7 Rxa7 29. Rxa7 Bg7 30. Bc6 Bf6 31. Kf1 h5 32. Ke2 h4 33.
Kd3 Rh5 34. b4 Re5 35. c4 Re1 36. c5 Kc8 37. b5 Rd1+ 38. Kc2 Rd4 39. b6 Rc4+ 40.
Kb3 Rxc5 41. Ra8# 1-0

[Event "Late-Titled-Tuesday-Blitz-May-28-2024"]
[Site "Chess.com"]
[Date "2024.05.28"]
[Round "4"]
[White "nabukatnezarr"]
[Black "TheoSlade"]
[Result "0-1"]
[WhiteElo "2650"]
[BlackElo "2472"]
[TimeControl "180+1"]
[EndTime "14:38:35 PDT"]
[Termination "TheoSlade won by checkmate"]

1. b3 e5 2. Bb2 Nc6 3. e3 d6 4. Bb5 Bd7 5. Ne2 Qg5 6. O-O h5 7. f4 exf4 8. Nxf4 Qxb5 9. Nc3 Qg5 10.
Ncd5 O-O-O 11. b4 Nge7 12. c4 Nxd5 13. cxd5 Ne5 14. Rc1 Kb8 15. Bd4 Be7 16. Qb3 Ng6 17. Qa3 b6 18. Qc3 Rc8 19. Bxg7 Rhg8 20. h4 Nxh4 21.
Rf2 Rxg7 22. Qc4 Bf6 23. a4 Be5 24. a5 b5 25. Qe4 Qf5 26. Qxf5 Nxf5 27. Nxh5 Rg5 28.
Nf4 Bxf4 29. Rxf4 Rcg8 30. Rf2 Nh4 31. Kf1 Rxg2 32. Rxg2 Rxg2 33. Rc3 Rxd2 34. e4 Rb2 35. Rg3 Rxb4 36. a6 Rxe4 37. Rg8+ Bc8 38. Kf2 Ra4 39. Ke3 Rxa6 40. Kd3 Nf5 41. Kc3 Ne7 42. Re8 Nxd5+ 43. Kd4 Nb6 44. Rh8 c5+ 45. Kc3 Kc7 46. Kb3 Be6+ 47.
Kb2 Nc4+ 48. Kb1 Ra3 49. Rh2 Rg3 50. Rh1 a5 51. Rf1 Rg2 52. Ka1 a4 53. Rd1 b4 54.
Rf1 b3 55. Kb1 Na3+ 56. Ka1 Ra2# 0-1

[Event "Late-Titled-Tuesday-Blitz-May-28-2024"]
[Site "Chess.com"]
[Date "2024.05.28"]
[Round "4"]
[White "Redzishchess"]
[Black "Alex_Sahakyan2006"]
[Result "1-0"]
[WhiteElo "2457"]
[BlackElo "2772"]
[TimeControl "180+1"]
[EndTime "14:38:35 PDT"]
[Termination "Redzishchess won by resignation"]

1. d4 Nf6 2. c4 g6 3. g3 Bg7 4. Bg2 O-O 5. Nc3 d6 6. Nf3 Nc6 7. O-O a6 8. Qc2 Bg4 9. Rd1 Nd7 10. e3 e5 11. d5 Nb4 12. Qe2 a5 13. h3 Bxf3 14.
Bxf3 f5 15. e4 f4 16. Kg2 Nc5 17. b3 Qe7 18. Rb1 Rf7 19. a3 Nba6 20. b4 axb4 21. axb4 Nd7 22. Bg4 f3+ 23. Bxf3 Raf8 24. Bg4 Rxf2+ 25.
Qxf2 Rxf2+ 26. Kxf2 Nf8 27. h4 Nb8 28. Bg5 Bf6 29.
Bxf6 Qxf6+ 30. Kg2 Nbd7 31. Rf1 Qe7 32. Rf2 h5 33.
Bh3 Nh7 34. Be6+ Kg7 35. Rf7+ Qxf7 36. Bxf7 Kxf7 37. Nb5 Nb6 38. c5 dxc5 39. bxc5 Nd7 40. c6 bxc6 41. dxc6 Nb8 42. Nd6+ cxd6 43. Rxb8 1-0

[Event "Late-Titled-Tuesday-Blitz-May-28-2024"]
[Site "Chess.com"]
[Date "2024.05.28"]
[Round "4"]
[White "KebabJangles"]
[Black "bancsoo"]
[Result "0-1"]
[WhiteElo "2291"]
[BlackElo "2910"]
[TimeControl "180+1"]
[EndTime "14:38:36 PDT"]
[Termination "bancsoo won by checkmate"]

1. d4 Nf6 2. c4 e6 3. Nf3 Bb4+ 4. Nbd2 O-O 5. g3 d5 6. Bg2 b6 7.
O-O Bb7 8. a3 Be7 9. cxd5 Bxd5 10. Re1 c5 11. e4 Bb7 12. e5 Nd5 13. Ne4 Nd7 14. Bg5 Bxg5 15. Nfxg5 h6 16. Nf3 cxd4 17. Qxd4 Qe7 18. Rac1 Rad8 19. Qa4 a6 20. b4 b5 21.
Qb3 N7b6 22. Nd6 Ba8 23. Nd4 Nc8 24. Nxc8 Rxc8 25. f4 Qa7 26. Qd3 Rcd8 27. Red1 Rd7 28. Rc5 Rfd8 29. Qd2 Ne7 30. Qf2 Nf5 31. Bxa8 Qxa8 32.
Rc2 Nxd4 33. Rcc1 Nf3+ 34. Kg2 Rxd1 35. Rxd1 Rxd1 36. Qxf3 Rg1+ 37. Kf2 Rf1+ 38. Kxf1 Qxf3+ 39. Ke1 Qxa3 40. Kd2 Qxb4+ 41. Kd3 a5 42. f5 a4 43. f6 a3 44. fxg7 a2 45. g4 a1=Q 46. g5 Qac3+ 47. Ke2 Qbb2+ 48. Kf1 Qcc1# 0-1

[Event "Late-Titled-Tuesday-Blitz-May-28-2024"]
[Site "Chess.com"]
[Date "2024.05.28"]
[Round "4"]
[White "jlf287"]
[Black "osielchesslover2011"]
[Result "1-0"]
[WhiteElo "2512"]
[BlackElo "2260"]
[TimeControl "180+1"]
[EndTime "14:38:36 PDT"]
[Termination "jlf287 won by checkmate"]

1. e4 e5 2. Nf3 Nc6 3. Bc4 Nf6 4.
d3 Bc5 5. O-O d6 6. c3 Bb6 7.
Nbd2 h6 8. Bb3 g5 9. Nc4 g4 10. Nfd2 h5 11. Nxb6 axb6 12. f4 h4 13. Nc4 exf4 14.
Bxf4 Nh5 15. Be3 Be6 16. d4 h3 17. d5 hxg2 18. Re1 g3 19. h3 Qh4 20. Qe2 Bxh3 21.
dxc6 bxc6 22. e5 d5 23. e6 fxe6 24. Bd4 Kd7 25. Bxh8 dxc4 26. Rad1+ Kc8 27. Bxc4 Kb7 28. Be5 Bg4 29. Qxg2 Bxd1 30. Rxd1 Rg8 31. Rd7 Qxc4 32. Rxc7+ Ka6 33. Rxc6 Qd3 34. Rd6 Qb5 35. Bd4 Rb8 36.
Rxb6+ Rxb6 37. Qa8# 1-0

[Event "Late-Titled-Tuesday-Blitz-May-28-2024"]
[Site "Chess.com"]
[Date "2024.05.28"]
[Round "4"]
[White "almaguerjm"]
[Black "boguszp"]
[Result "1-0"]
[WhiteElo "2457"]
[BlackElo "2033"]
[TimeControl "180+1"]
[EndTime "14:38:37 PDT"]
[Termination "almaguerjm won by checkmate"]

1. e4 c6 2. d4 d5 3. e5 c5 4. c3 Nc6 5. Nf3 Bg4 6. Bb5 e6 7. Bxc6+ bxc6 8. Qa4 Qb6 9. dxc5 Bxc5 10. Qxg4 Bxf2+ 11. Ke2 Ne7 12. Qb4 O-O 13. Qxb6 Bxb6 14. a4 a5 15. Be3 c5 16. Na3 Rfc8 17. Nb5 Nf5 18. Bf2 Rab8 19. g4 Nh6 20. h3 Bd8 21. Be3 f6 22. Bxh6 gxh6 23. Kd3 Rc6 24. Kc2 Be7 25. Rhf1 Rf8 26. Rae1 f5 27. Nd2 fxg4 28. Rxf8+ Bxf8 29. hxg4 Bg7 30. Nf3 Rc8 31. Kd3 Rf8 32. Ke3 h5 33. Rg1 hxg4 34. Rxg4 Rf5 35. Nd6 Rh5 36. Ne8 Rh1 37. Nxg7 Rb1 38. Nxe6+ Kf7 39. Nxc5 Rxb2 40. e6+ Ke7 41. Rg7+ Ke8 42. e7 Rc2 43. Nb7 Rxc3+ 44. Kd4 Rc8 45. Nd6+ Kd7 46. Nxc8 Ke6 47. Ne5 Kf5 48.
Nd6+ Kf4 49. e8=Q h5 50. Qf7# 1-0

[Event "Late-Titled-Tuesday-Blitz-May-28-2024"]
[Site "Chess.com"]
[Date "2024.05.28"]
[Round "4"]
[White "Zq1"]
[Black "lluiss"]
[Result "1-0"]
[WhiteElo "2536"]
[BlackElo "2185"]
[TimeControl "180+1"]
[EndTime "14:38:39 PDT"]
[Termination "Zq1 won on time"]

1. d4 Nf6 2. c4 g6 3. Nc3 d5 4. Nf3 Bg7 5. cxd5 Nxd5 6. Bd2 Nb6 7. Bg5 O-O 8. e3 h6 9. Bf4 c5 10. dxc5 N6d7 11. Bc4 Nc6 12. O-O Nxc5 13. Rc1 e5 14. Bg3 e4 15. Nd2 Nd3 16. Bxd3 exd3 17. Qb3 b6 18. h3 Be6 19. Qb5 Na5 20. Rfd1 Rc8 21.
Nce4 Rxc1 22. Rxc1 Qd7 23. Qxd7 Bxd7 24. b3 Rc8 25.
Rxc8+ Bxc8 26. Kf1 Nc6 27. Bd6 Bf8 28. Bxf8 Kxf8 29.
Ke1 Nb4 30. Nc3 Nc2+ 31. Kd1 Be6 32. Nf3 Nb4 33. Kd2 Bd7 34. Ne5 Bc8 35. Nxd3 Nxd3 36.
Kxd3 Ke7 37. Kd4 Bb7 38. e4 Kd6 39. f4 a6 40. h4 Ke6 41. g4 f6 42. f5+ gxf5 43. gxf5+ Kd6 44. Nd5 Bxd5 45. exd5 Kd7 46.
b4 Kd6 47. a4 1-0

[Event "Late-Titled-Tuesday-Blitz-May-28-2024"]
[Site "Chess.com"]
[Date "2024.05.28"]
[Round "4"]
[White "janhelmer03"]
[Black "yaguigor"]
[Result "0-1"]
[WhiteElo "2398"]
[BlackElo "2587"]
[TimeControl "180+1"]
[EndTime "14:38:39 PDT"]
[Termination "yaguigor won on time"]

1. Nf3 d6 2. d4 Nf6 3. Nc3 Nbd7 4. e4 e5 5. Be3 Be7 6. Be2 c6 7. h3 O-O 8. O-O b5 9. dxe5 dxe5 10. a3 Qc7 11.
Nd2 Bc5 12. Bxc5 Nxc5 13. Nb3 Ncxe4 14. Nxe4 Nxe4 15. Bf3 Nf6 16. Nc5 Re8 17. Re1 Bf5 18. g4 Bg6 19. g5 Rad8 20. Qe2 Nd5 21. Bxd5 Rxd5 22. b4 e4 23. Qe3 a5 24. f4 Bf5 25.
Kg2 h6 26. h4 a4 27. Rad1 Qd8 28. Nb7 Qd7 29. Nc5 Qd6 30. Nb7 Qc7 31. Rxd5 cxd5 32. Nc5 Bg4 33. Kg3 Bf3 34. gxh6 Qc8 35. Rg1 Qg4+ 36.
Kf2 Qxh4+ 37. Kf1 Qxh6 38. Nd7 Qh3+ 39. Ke1 Qxd7 40. Qd4 f5 41. Qf6 Bg4 0-1